Match 47271003
Unlisted

Match 47271003
End
Vickers Machine Gun Team
Construct Section Command Post
Infantry Section
Dingo Light Scout Car
Infantry Section
Selects Air and Sea Battlegroup
Selects Supply Surplus
Construct Resource Cache
Construct Field Infirmary
Forward Retreat Point
Construct Resource Cache
Construct Resource Cache
Grenade Package
Construct Platoon Command Post
Humber Armored Car
Selects Commando Section Paradrop
Commando Section Paradrop
Infantry Training
Selects M1 Pack Howitzer Paradrop
M1 Pack Howitzer Paradrop
Construct Company Command Post
gabman6
CoH3Master
Koddo
SimiBest
Aguirre
Dredgelord
STONEgolem
Λlpha
0
0

Comments sign in to comment!

No comments posted yet!